 Dungeon Crawl Stone Soup version 0.29.1-13-g9f3cf754e1 (webtiles) character file.

Game seed: 12627255611660658492

1512379 Atlar the Eclecticist (level 25, 201/223 HPs)
             Began as an Octopode Venom Mage on Jan 30, 2023.
             Was an Initiate of Gozag.
             Escaped with the Orb
             ... and 3 runes on Feb 2, 2023!
             The game lasted 12:31:41 (77627 turns).

Atlar the Eclecticist (Octopode Venom Mage)        Turns: 77627, Time: 12:31:42

Health: 201/223    AC: 35    Str: 10    XL:     25   Next: 52%
Magic:  36/41      EV: 29    Int: 40    God:    Gozag
Gold:   3146       SH: 25    Dex: 28    Spells: 3/62 levels left

rFire   + + +      SeeInvis +   c - +9 rapier (elec)
rCold   + + .      Faith    .   K - +5 kite shield {AC+3}
rNeg    + + +      Spirit   .   B - +2 hat {Will+}
rPois   ∞          Reflect  +   U - amulet of Elufule {Reflect Dex+5 SH+5}
rElec   +          Harm     .   H - ring "Pibralue" {+Blink rC+ Will+ EV+4}
rCorr   .          Rampage  .   I - ring of Cingoem {rF++ Int+6}
Will    ++++.                   R - ring "Ytheurra" {Contam rN+ Str+3 Int+3}
Stlth   +++.......              Q - ring of Shadows {Umbra +Inv Stlth+}
HPRegen 0.47/turn               D - ring of Aleocw {Wiz rF+ rC+ Will+ Dex+4}
MPRegen 0.27/turn               F - ring "Qifeoras" {rC+ rN+ Int+2 Stlth-}
                                P - ring "Ittai" {rPois rC- Int+6 SInv Stlth-}
                                Z - ring of Duelui {Wiz rElec}

@: statue-form, gold aura, wreathed by umbra, studying Summonings, very slow
A: slow and powerful, torment resistance 1, boosted hp, almost no armour,
amphibious, 8 rings, camouflage 1, (gelatinous body 1), (nimble swimmer 1),
tentacles, low MP 1
0: Orb of Zot
}: 3/15 runes: serpentine, barnacled, silver
a: End Transformation, Renounce Religion, Evoke Blink, Evoke Invisibility,
Potion Petition, Call Merchant, Bribe Branch


You escaped.
You worshipped Gozag.
Gozag was most pleased with you.
You were a living statue of rough stone.
You visited 10 branches of the dungeon, and saw 48 of its levels.
You also visited: Trove, Gauntlet and Ice Cave.

You collected 28118 gold pieces.
You spent 12303 gold pieces at shops.
You paid 12669 gold pieces to Gozag.

Inventory:

Hand Weapons
 b - the +6 war axe "Batto" {vorpal, rCorr MP+9 Str-2 Int+2}
   (You bought it in a shop on level 11 of the Dungeon)

   It inflicts extra damage upon your enemies.
   Str:       It affects your strength (-2).
   Int:       It affects your intelligence (+2).
   MP:        It affects your magic capacity (+9).
   rCorr:     It protects you from acid and corrosion.
 c - a +9 rapier of electrocution (weapon)
Missiles
 o - 8 throwing nets
Armour
 u - a +0 tower shield
 B - a +2 hat of willpower (worn)
 K - a +5 kite shield of protection (worn)
Magical Staves
 Y - a staff of conjuration
Jewellery
 f - the ring "Gunweres" {Fire Dex+4}
   (You took it off a deep elf annihilator on level 3 of the Elven Halls)

   [ring of fire]

   It enhances your fire magic.
   Dex:       It affects your dexterity (+4).
   rF:        It protects you from fire.
   rC:        It makes you vulnerable to cold.
 h - a ring of magical power
 v - a ring of resist corrosion
 y - an amulet of magic regeneration
 D - the ring of Aleocw (on tentacle) {Wiz rF+ rC+ Will+ Dex+4}
   (You bought it in a shop on level 11 of the Dungeon)

   [ring of wizardry]

   It improves your spell success rate.
   Dex:       It affects your dexterity (+4).
   rF:        It protects you from fire.
   rC:        It protects you from cold.
   Will:      It increases your willpower.
 E - a +6 ring of dexterity
 F - the ring "Qifeoras" (on tentacle) {rC+ rN+ Int+2 Stlth-}
   (You bought it in a shop on level 11 of the Dungeon)

   [ring of protection from cold]

   Int:       It affects your intelligence (+2).
   rC:        It protects you from cold.
   rN:        It protects you from negative energy.
   Stlth:     It makes you less stealthy.
 H - the ring "Pibralue" (left tentacle) {+Blink rC+ Will+ EV+4}
   (You bought it in a shop on level 6 of the Dungeon)

   [ring of evasion]

   EV:        It affects your evasion (+4).
   rC:        It protects you from cold.
   +Blink:    It lets you blink.
   Will:      It increases your willpower.
 I - the ring of Cingoem (right tentacle) {rF++ Int+6}
   (You bought it in a shop on level 6 of the Dungeon)

   [ring of intelligence]

   Int:       It affects your intelligence (+6).
   rF:        It greatly protects you from fire.
 L - a +4 ring of protection
 O - a ring of positive energy
 P - the ring "Ittai" (on tentacle) {rPois rC- Int+6 SInv Stlth-}
   (You found it on level 4 of the Shoals)

   [ring of intelligence]

   Int:       It affects your intelligence (+6).
   rC:        It makes you vulnerable to cold.
   rPois:     It protects you from poison.
   SInv:      It lets you see invisible.
   Stlth:     It makes you less stealthy.
 Q - the ring of Shadows (on tentacle) {Umbra +Inv Stlth+}
   (You bought it in a shop on level 6 of the Dungeon)

   [ring of stealth]

   It surrounds you with an aura of shadow, increasing your stealth and reducing
   the accuracy of all others within it.
   +Inv:      It lets you turn invisible.
   Stlth:     It makes you more stealthy.
 R - the ring "Ytheurra" (on tentacle) {Contam rN+ Str+3 Int+3}
   (You bought it in a shop on level 7 of the Dungeon)

   [ring of positive energy]

   Str:       It affects your strength (+3).
   Int:       It affects your intelligence (+3).
   rN:        It protects you from negative energy.
   Contam:    It causes magical contamination when unequipped.
 U - the amulet of Elufule (around mantle) {Reflect Dex+5 SH+5}
   (You found it in an ice cave)

   [amulet of reflection]

   It reflects blocked missile attacks.
   Dex:       It affects your dexterity (+5).
   SH:        It affects your SH (+5).
 Z - the ring of Duelui (on tentacle) {Wiz rElec}
   (You bought it in a shop on level 3 of the Snake Pit)

   [ring of wizardry]

   It improves your spell success rate.
   rElec:     It insulates you from electricity.
Wands
 z - a wand of acid (9)
 S - a wand of iceblast (44)
 X - a wand of digging (11)
Scrolls
 g - 2 scrolls of brand weapon
 j - 36 scrolls of teleportation
 k - 6 scrolls of immolation
 n - 8 scrolls of fear
 p - 7 scrolls of amnesia
 r - 12 scrolls of butterflies
 A - a scroll of blinking
 C - 8 scrolls of vulnerability
 N - a scroll of enchant weapon
 T - 8 scrolls of poison
 V - a scroll of enchant armour
 W - 2 scrolls of summoning
Potions
 a - 3 potions of magic
 d - 9 potions of might
 i - 3 potions of cancellation
 l - 4 potions of brilliance
 m - 8 potions of flight
 q - 6 potions of curing
 s - 12 potions of lignification
 t - 3 potions of invisibility
 w - 9 potions of mutation
 x - 4 potions of resistance
 M - 4 potions of ambrosia
Miscellaneous
 e - a condenser vane
 J - a phantom mirror


   Skills:
 + Level 14.4 Fighting
 - Level 16.0 Short Blades
 - Level 8.4 Axes
 - Level 13.3 Dodging
 - Level 11.6 Stealth
 - Level 12.8 Shields
 - Level 19.0 Spellcasting
 - Level 12.9 Conjurations
 - Level 12.1 Summonings
 - Level 16.0 Necromancy
 - Level 10.3 Translocations
 - Level 10.0 Transmutations
 - Level 3.2 Fire Magic
 - Level 7.0 Ice Magic
 - Level 7.7 Air Magic
 - Level 9.9 Earth Magic
 - Level 9.0 Poison Magic


You had 3 spell levels left.
You knew the following spells:

 Your Spells              Type           Power      Damage    Failure   Level
a - Borgnjor's Vile Clut  Necr/Erth      48%        N/A       1%          5
b - Poisonous Vapours     Pois/Air       100%       N/A       1%          2
c - Eringya's Noxious Bo  Tmut/Pois      42%        N/A       1%          6
d - Ignite Poison         Fire/Tmut/Pois 78%        N/A       1%          3
e - Spellforged Servitor  Conj/Summ      47%        N/A       1%          7
f - Freezing Cloud        Conj/Ice/Air   42%        6-21      1%          5
g - Malign Gateway        Summ/Tloc      45%        N/A       3%          7
h - Sublimation of Blood  Necr           100%       N/A       0%          2
i - Statue Form           Tmut/Erth      58%        N/A       1%          6
j - Lehudib's Crystal Sp  Conj/Erth      46%        10d11     21%         8
k - Infestation           Necr           52%        N/A       3%          8

Your spell library contained the following spells:

 Spells                   Type           Power      Damage    Failure   Level
 Apportation              Tloc           100%       N/A       0%          1
 Beastly Appendage        Tmut           100%       N/A       0%          1
 Magic Dart               Conj           100%       1d8       0%          1
 Necrotise                Necr           100%       1d9       0%          1
 Sandblast                Erth           100%       2d20      0%          1
 Summon Small Mammal      Summ           100%       N/A       0%          1
 Call Imp                 Summ           94%        N/A       0%          2
 Searing Ray              Conj           100%       2d8       0%          2
 Vampiric Draining        Necr           100%       2d13      0%          3
 Foxfire                  Conj/Fire      100%       2x1d9     1%          1
 Slow                     Hex            100%       N/A       1%          1
 Sting                    Tmut/Pois      100%       1d8       1%          1
 Blink                    Tloc           100%       N/A       1%          2
 Ensorcelled Hibernation  Hex/Ice        100%       N/A       1%          2
 Passwall                 Tmut/Erth      72%        N/A       1%          2
 Scorch                   Fire           100%       2d10      1%          2
 Static Discharge         Conj/Air       88%        3-14/arc  1%          2
 Wereblood                Tmut           87%        N/A       1%          2
 Call Canine Familiar     Summ           94%        N/A       1%          3
 Confusing Touch          Hex            38%        N/A       1%          3
 Conjure Flame            Conj/Fire      80%        6-21      1%          3
 Dazzling Flash           Conj/Hex       100%       N/A       1%          3
 Frozen Ramparts          Ice            100%       1d16      1%          3
 Gell's Gravitas          Tloc           88%        N/A       1%          3
 Inner Flame              Hex/Fire       50%        N/A       1%          3
 Mephitic Cloud           Conj/Pois/Air  87%        N/A       1%          3
 Ozocubu's Armour         Ice            76%        N/A       1%          3
 Spider Form              Tmut/Pois      85%        N/A       1%          3
 Stone Arrow              Conj/Erth      100%       3d13      1%          3
 Summon Guardian Golem    Hex/Summ       72%        N/A       1%          3
 Swiftness                Air            79%        N/A       1%          3
 Teleport Other           Tloc           88%        N/A       1%          3
 Tukima's Dance           Hex            38%        N/A       1%          3
 Dispel Undead            Necr           100%       3d31      0%          4
 Anguish                  Hex/Necr       40%        N/A       1%          4
 Flame Wave               Conj/Fire      80%        2d17      1%          4
 Fulminant Prism          Conj/Hex       37%        3d18      1%          4
 Hailstorm                Conj/Ice       87%        3d17      1%          4
 Ice Form                 Ice/Tmut       82%        N/A       1%          4
 Leda's Liquefaction      Hex/Erth       33%        N/A       1%          4
 Olgreb's Toxic Radiance  Pois           84%        N/A       1%          4
 Passage of Golubria      Tloc           88%        N/A       1%          4
 Petrify                  Tmut/Erth      87%        N/A       1%          4
 Sticky Flame             Conj/Fire      80%        2d9       1%          4
 Summon Ice Beast         Ice/Summ       86%        N/A       1%          4
 Summon Lightning Spire   Summ/Air       87%        N/A       1%          4
 Agony                    Necr           100%       N/A       1%          5
 Alistair's Intoxication  Tmut/Pois      56%        N/A       1%          5
 Blade Hands              Tmut           43%        N/A       1%          5
 Fireball                 Conj/Fire      40%        3d16      1%          5
 Irradiate                Conj/Tmut      46%        3d27      1%          5
 Iskenderun's Battlesphe  Conj           97%        2d14      1%          5
 Lee's Rapid Deconstruct  Erth           43%        3d22*     1%          5
 Lightning Bolt           Conj/Air       44%        1d63      1%          5
 Manifold Assault         Tloc           88%        N/A       1%          5
 Summon Forest            Summ/Tloc      45%        N/A       1%          5
 Summon Mana Viper        Hex/Summ       72%        N/A       1%          5
 Yara's Violent Unravell  Hex/Tmut       33%        3d14      1%          5
 Conjure Ball Lightning   Conj/Air       44%        3x3d15    1%          6
 Death Channel            Necr           52%        N/A       1%          6
 Dispersal                Tloc           44%        N/A       1%          6
 Iron Shot                Conj/Erth      46%        9d9       1%          6
 Summon Cactus Giant      Summ           47%        N/A       1%          6
 Haunt                    Necr/Summ      50%        N/A       1%          7
 Orb of Destruction       Conj           48%        9d13      1%          7
 Metabolic Englaciation   Hex/Ice        30%        N/A       2%          5
 Silence                  Hex/Air        31%        N/A       2%          5
 Starburst                Conj/Fire      40%        6d11      2%          6
 Cause Fear               Hex            19%        N/A       3%          4
 Borgnjor's Revivificati  Necr           52%        N/A       3%          8
 Dragon Form              Tmut           43%        N/A       5%          7
 Storm Form               Tmut/Air       41%        N/A       9%          7
 Necromutation            Tmut/Necr      48%        N/A       11%         8
 Disjunction              Tloc           44%        N/A       32%         8
 Death's Door             Necr           52%        N/A       41%         9
 Maxwell's Capacitive Co  Air            39%        ∞         65%         8
 Dragon's Call            Summ           47%        N/A       89%         9
 Enfeeble                 Hex            19%        N/A       93%         7
 Chain Lightning          Conj/Air       44%        3d58      98%         9
 Shatter                  Erth           43%        3d34*     99%         9
 Discord                  Hex            19%        N/A       100%        8
 Fire Storm               Conj/Fire      40%        8d10      100%        9
 Polar Vortex             Ice            38%        N/A       100%        9
 Animate Dead             Necr           Unusable   N/A       N/A         4
 Animate Armour           Summ/Erth      Unusable   N/A       N/A         4
 Corpse Rot               Necr/Pois/Air  Unusable   N/A       N/A         4
 Simulacrum               Ice/Necr       Unusable   N/A       N/A         6

Dungeon Overview and Level Annotations

Branches:
Dungeon (15/15)            Temple (1/1) D:4            Lair (5/5) D:11
 Shoals (4/4) Lair:2        Snake (4/4) Lair:3        Slime (0/5) Lair:4
    Orc (2/2) D:9             Elf (3/3) Orc:2        Vaults (5/5) D:13
  Crypt (0/3) Vaults:2     Depths (4/4) D:15            Zot (5/5) Depths:4
  IceCv (visited)         Gauntlet (visited)

Altars:
Ashenzari
Dithmenos
Elyvilon
Fedhas
Gozag
Hepliaklqana
Kikubaaqudgha
Nemelex Xobeh
Trog
Uskayaw
Vehumet
Wu Jian
Yredelemnul
Zin
The Shining One
Jiyva

Shops:
D:6 =[   D:7 **   D:11 :*=   D:12 :   D:15 =:   Orc:2 [=![!   Elf:1 (   Elf:3 :
Snake:3 [=??   Vaults:5 *   Depths:1 *[   Depths:2 [   Depths:4 :=:

Portals:
Hell: Depths:1 Depths:2 Depths:3 Depths:4
Abyss: Depths:2 Depths:3 Depths:4
Pandemonium: Depths:2
Ziggurat: Depths:3

Annotations:
D:8 1 transporter
Shoals:3 Bai Suzhen
Snake:2 1 runed translucent door, Zioptaf's ghost, adept DjCA
Elf:1 6 runed translucent doors
Elf:2 3 runed translucent doors
Vaults:3 2 transporters
Zot:1 1 transporter


Innate Abilities, Weirdness & Mutations

You are a living statue of rough stone.
Your actions are slow, but your melee attacks are powerful.
You are resistant to unholy torment.
Your maximum health is greatly increased.
You are immune to poison.
You cannot wear most types of armour.
You are amphibious.
You can wear up to eight rings at the same time.
Your skin changes colour to match your surroundings (Stealth+).
((Your rubbery body absorbs attacks. (AC +1, EV +1)))
((You are camouflaged when in or above water. (Stealth+)))
You have tentacles for arms and can constrict up to eight enemies at once.
Your magical capacity is low. (-10% MP)


Message History

Your spellforged servitor is engulfed in flames.
Your spellforged servitor resists.
You catch the helpless sun demon completely off-guard!
You spit the sun demon like a pig!!!!
You kill the sun demon!
The balrug hits your spellforged servitor with a +1 demon whip of draining.
Your spellforged servitor is engulfed in flames.
Your spellforged servitor resists.
You block the sun demon's attack. The balrug gestures at you.
Something smites you!
You puncture the sun demon!
You kill the sun demon!
Your spellforged servitor gestures at the balrug while chanting.
The crystal spear hits the balrug!!!
The balrug dies!
A sun demon comes into view.
Your spellforged servitor points at the sun demon and mumbles some strange words.
The crystal spear hits the sun demon!!!!
The sun demon dies!
A sun demon comes into view.
Your spellforged servitor points at the sun demon and mumbles some strange words.
The crystal spear hits the sun demon!!!
The sun demon dies!
You hear a shout!
You see here a +0 spear.
An Ice Fiend comes into view.
You block the Ice Fiend's attack.
The Ice Fiend claws you but does no damage.
Your spellforged servitor casts a spell at the Ice Fiend.
The crystal spear hits the Ice Fiend!!!
You catch the helpless Ice Fiend completely off-guard!
You skewer the Ice Fiend like a kebab!!!
Lightning courses through the Ice Fiend!!
You kill the Ice Fiend!
There is an open door here.
Your spellforged servitor disappears in a puff of smoke!
There is a staircase leading out of the dungeon here.
Something unseen opens the door.
You have escaped!

#.####.#
#####.################.#
#.# ##)###.............#
#.#
#.###.#.##...).........#
#.#
#.##.#####..#######+#..#
#.#
......#.##..#.......#..#
#.#
#........$..#.......#..#
#.#
##########..#.......#..#
#.# #..#.......X..# #.#
#..'...8...#..# #.#
#1.#.......#..########.#
#..#.......#........#.#.
#..#.......#..#####..###
#..#+#######..# ###.#.
#.............# #..#
#.............# #.## ###
#########.##### #.# ..#
### ###.##### #.#


You could see an Orb Guardian and an Executioner.

Vanquished Creatures
  A dread lich (Zot:5)
  A Killer Klown (Zot:5)
  Saint Roka (Snake:4)
  A curse toe (Zot:5)
  Nikola (Shoals:3)
  A golden dragon (Depths:4)
  A doom hound (Depths:1)
  A hellephant (Depths:1)
  Rupert (D:15)
  4 Orb Guardians (Zot:5)
  3 tentacled monstrosities
  An Ice Fiend (D:1)
  A lich (Depths:3)
  3 deep elf blademasters
  A deep elf master archer (Depths:1)
  4 quicksilver dragons
  5 sphinxes
  A death cob (Zot:1)
  3 tengu reavers
  Gastronok (Orc:1)
  5 storm dragons
  9 nagarajas
  2 shadow dragons
  Ilsuiw (Shoals:4)
  4 fire giants
  3 frost giants
  2 draconian knights
  3 deep elf sorcerers (Elf:3)
  6 vault wardens
  3 draconian shifters (Zot:1)
  2 balrugs
  5 draconian scorchers
  2 draconian stormcallers
  2 deep elf elementalists (Elf:3)
  5 very ugly things
  4 ironbound preservers
  6 stone giants
  3 ironbound thunderhulks
  A draconian annihilator (Zot:5)
  7 deep elf demonologists
  3 green draconians
  A minotaur (Gauntlet)
  4 black draconians
  4 white draconians
  3 entropy weavers
  5 deep elf annihilators (Elf:3)
  2 yellow draconians
  2 purple draconians
  4 red draconians
  A dire elephant (Lair:5)
  2 spark wasps (Depths:2)
  An ettin (Vaults:5)
  3 blizzard demons
  3 deep elf death magi
  5 merfolk javelineers
  A green death (Depths:2)
  5 fire dragons
  4 yaktaur captains
  5 deep elf high priests
  5 great orbs of eyes
  2 ice dragons
  13 merfolk impalers
  A salamander tyrant (Snake:3)
  A rakshasa (D:15)
  3 spriggan air magi
  2 catoblepae
  3 boulder beetles
  10 anacondas
  A peacekeeper (Vaults:4)
  8 hydras
  An alligator snapping turtle (Shoals:1)
  16 centaur warriors
  9 ironbound frosthearts
  8 two-headed ogres
  10 vault guards (Vaults:5)
  Harold (D:11)
  An ogre mage (D:15)
  8 merfolk aquamancers
  A jorogumo (shapeshifter) (Depths:2)
  A death knight (D:15)
  4 merfolk avatars
  17 naga warriors
  3 deep troll shamans
  3 death yaks (Lair:5)
  2 satyrs
  2 tengu warriors
  11 dancing weapons
  2 deep troll earth magi
  2 shock serpents
  7 spriggan berserkers
  2 orc high priests
  A vampire mage (Depths:2)
  10 deep elf knights
  8 naga sharpshooters
  A soul eater (Gauntlet)
  4 sun demons (D:1)
  3 iron trolls
  A shadow wraith (Vaults:5)
  A salamander mystic (Snake:3)
  3 skeletal warriors (D:13)
  16 deep trolls
  20 sea snakes
  A shadow demon (Zot:2)
  A swamp dragon (Lair:5)
  2 bog bodies (IceCv)
  3 naga ritualists
  25 harpies
  6 phantasmal warriors
  12 lindwurms
  3 wizards
  11 ironbound convokers
  20 deep elf pyromancers
  An oklob plant (Gauntlet)
  3 necromancers
  17 deep elf zephyrmancers
  6 mana vipers
  10 fauns
  14 deep elf archers
  A stone giant zombie (Vaults:4)
  5 orc sorcerers
  17 slime creatures
  16 ugly things
  8 cyclopes
  18 manticores
  12 merfolk sirens
  13 salamanders
  6 elephants
  8 moths of wrath
  2 ice statues
  7 guardian serpents
  14 vault sentinels
  28 black mambas
  19 naga magi
  5 water nymphs
  Psyche (D:12)
  A yaktaur zombie (Vaults:4)
  2 hellions (Depths:4)
  13 komodo dragons
  7 rime drakes
  11 cane toads
  A cane toad (shapeshifter) (D:15)
  4 kobold demonologists (D:10)
  2 efreet (D:14)
  An ice devil (IceCv)
  2 freezing wraiths
  A tengu conjurer (D:13)
  23 yaktaurs
  A hellwing (Depths:2)
  A meliai (shapeshifter) (D:13)
  32 merfolk
  8 trolls
  A red devil (Depths:2)
  A tarantella (Vaults:3)
  7 wind drakes
  A polar bear (Lair:4)
  6 hornets
  A slime creature (shapeshifter) (Vaults:5)
  13 dream sheep
  Prince Ribbit (D:9)
  15 blink frogs
  A wind drake (shapeshifter) (Elf:1)
  12 snapping turtles
  A snapping turtle (shapeshifter) (Depths:1)
  2 raiju (shapeshifter)
  An ettin zombie (Vaults:4)
  A centaur simulacrum (Gauntlet)
  3 air elementals (Elf:1)
  A dire elephant simulacrum (IceCv)
  3 shadows
  A vampire (D:11)
  4 spriggans
  11 water elementals
  2 wraiths
  52 yaks
  Eustachio (D:4)
  2 fire elementals (Elf:2)
  5 basilisks
  Grum (D:8)
  2 wyverns
  4 steam dragons
  5 vampire mosquitoes (D:14)
  4 death yak simulacra (IceCv)
  4 redbacks
  11 wargs
  3 harpy simulacra
  2 acid dragons (Gauntlet)
  41 nagas
  23 water moccasins
  A hydra simulacrum (IceCv)
  Duvessa (D:5)
  A floating eye (shapeshifter) (Vaults:3)
  29 orc warriors
  2 sky beasts
  4 swamp drakes
  8 ice beasts
  5 black bears
  6 ogres
  4 boggarts (D:15)
  12 wolves
  8 centaurs
  4 phantoms
  3 kobold brigands
  3 nameless horrors
  3 human zombies (Vaults:2)
  7 bullfrogs
  A necrophage (D:5)
  6 gnoll sergeants
  5 scorpions
  A cane toad simulacrum (IceCv)
  8 wights
  5 two-headed ogre simulacra (IceCv)
  An earth elemental (Elf:1)
  Dowan (D:5)
  2 elephant simulacra (IceCv)
  8 killer bees
  An electric eel (D:14)
  10 howler monkeys
  A crimson imp (Depths:4)
  6 hounds
  33 orc priests
  4 jellies
  7 gnoll boudas
  13 iguanas
  Terence (D:2)
  47 orc wizards
  3 polar bear simulacra (IceCv)
  9 spriggan simulacra (IceCv)
  3 wolf simulacra (IceCv)
  3 troll simulacra (IceCv)
  19 gnolls
  3 adders
  4 naga simulacra (IceCv)
  5 shadow imps
  12 white imps
  4 ufetubi
  A worm (D:3)
  2 dart slugs
  69 orcs
  9 endoplasms
  2 giant cockroaches
  6 goblins
  2 hobgoblins
  12 kobolds
  4 quokkas
  2 training dummies (D:5)
  5 ball pythons
  2 bats (D:2)
  6 frilled lizards
  4 rats
1524 creatures vanquished.

Vanquished Creatures (collateral kills)
  Mara (Vaults:3)
  3 orbs of fire (Zot:5)
  Sojobo (Vaults:2)
  Margery (Vaults:2)
  A Killer Klown (Zot:5)
  A curse toe (Zot:1)
  Xtahua (Vaults:2)
  6 golden dragons
  A Brimstone Fiend (Depths:4)
  A hellephant (Depths:1)
  2 Ice Fiends
  An electric golem (Zot:5)
  15 Orb Guardians
  A walking earthen tome (Depths:2)
  7 tentacled monstrosities
  A titan (Vaults:5)
  2 death cobs (Zot:5)
  2 eldritch tentacles
  4 sphinxes
  6 storm dragons
  4 shadow dragons
  5 tengu reavers
  5 frost giants
  3 draconian monks (Zot:1)
  9 fire giants
  A draconian scorcher (Zot:1)
  7 vault wardens
  An iron dragon (Depths:2)
  A draconian shifter (Zot:5)
  3 deep elf elementalists (Elf:3)
  11 very ugly things
  2 balrugs
  2 stone giants
  6 war gargoyles
  2 deep elf demonologists (Elf:3)
  A vampire knight (Depths:4)
  11 ironbound preservers
  4 black draconians
  4 ironbound thunderhulks
  6 purple draconians
  6 deep elf annihilators
  3 green draconians
  3 dire elephants (Vaults:3)
  4 red draconians
  A white draconian (Zot:1)
  5 yellow draconians
  3 crystal guardians
  3 deep elf death magi (Elf:3)
  3 blizzard demons
  2 ettins
  2 fire dragons
  A deep elf high priest (Elf:3)
  3 ice dragons
  A great orb of eyes (shapeshifter) (Vaults:5)
  A rakshasa (Depths:2)
  4 yaktaur captains
  An ogre mage (Vaults:5)
  3 peacekeepers
  16 vault guards
  4 centaur warriors
  A hell beast (D:7)
  2 dancing weapons (Elf:3)
  2 deep troll shamans
  7 ironbound frosthearts
  3 deep troll earth magi
  A tengu warrior (Depths:3)
  A vampire mage (Depths:1)
  2 spriggan berserkers
  4 sun demons
  5 hell knights
  A deep elf knight (Elf:3)
  2 sixfirhies (Depths:2)
  9 iron trolls
  26 deep trolls
  5 lindwurms
  5 wizards
  An ironbound convoker (Vaults:5)
  6 phantasmal warriors (Vaults:5)
  11 ugly things
  2 necromancers
  A deep elf zephyrmancer (Elf:3)
  A deep elf pyromancer (Elf:3)
  4 moths of wrath
  A torpor snail (shapeshifter) (Vaults:5)
  2 orange demons
  4 vault sentinels
  3 yaktaurs
  2 ice devils (Depths:2)
  A hellwing (Depths:2)
  A yaktaur skeleton (Vaults:4)
  A freezing wraith (Vaults:4)
  17 slime creatures
  A tarantella (Vaults:3)
  A raiju (shapeshifter) (Vaults:5)
  A culicivora (Vaults:3)
  A ynoxinul (D:5)
  A shapeshifter (Zot:1)
  A water elemental (Elf:1)
  A neqoxec (D:5)
  2 elf skeletons (Vaults:2)
  3 swamp drakes (Depths:3)
  2 nameless horrors
  An earth elemental (Elf:3)
  A crimson imp (Depths:4)
  A quasit (D:5)
  A white imp (Depths:4)
367 creatures vanquished.

Vanquished Creatures (others)
  2 ancient liches (Zot:5)
  2 orbs of fire (Zot:5)
  A Killer Klown (Zot:5)
  A golden dragon (Zot:5)
  An electric golem (Zot:5)
  A tentacled monstrosity (Zot:5)
  7 Orb Guardians (Zot:5)
  A deep elf master archer (Elf:3)
  60 eldritch tentacles
  A sphinx (Vaults:5)
  A storm dragon (Zot:5)
  2 deep elf sorcerers
  An ironbound thunderhulk (Vaults:5)
  A stone giant (Vaults:5)
  An ironbound preserver (Vaults:4)
  A black draconian (Zot:5)
  A purple draconian (Zot:5)
  A yaktaur captain (Vaults:5)
  A vault guard (Vaults:5)
  A naga warrior (Snake:3)
  An ironbound frostheart (Vaults:5)
  A lindwurm (Vaults:1)
  A wolf spider (Vaults:5)
  2 moths of wrath
  A naga (Snake:4)
  A swamp drake (Depths:3)
  A nameless horror (Vaults:2)
  14 demonic plants (Gauntlet)
  37 fungi
  217 plants
364 creatures vanquished.

Grand Total: 2255 creatures vanquished

Notes
Turn   | Place    | Note
-------+----------+-------------------------------------------
     0 | D:1      | Atlar the Octopode Venom Mage began the quest for the Orb.
     0 | D:1      | Reached XP level 1. HP: 11/11 MP: 3/3
    39 | D:1      | Found a faded altar of an unknown god.
   218 | D:1      | Reached XP level 2. HP: 17/17 MP: 1/5
   221 | D:1      | Learned a level 2 spell: Poisonous Vapours
   895 | D:2      | Identified the +0 leather armour "Eghu" {rElec Regen+ Str+3
                  | Int-3}
  1059 | D:2      | Noticed Terence
  1078 | D:2      | Killed Terence
  1079 | D:2      | Reached XP level 3. HP: 21/21 MP: 0/6
  1738 | D:3      | Reached XP level 4. HP: 24/27 MP: 0/7
  1804 | D:3      | Learned a level 4 spell: Olgreb's Toxic Radiance
  1983 | D:3      | Reached skill level 5 in Stealth
  1983 | D:3      | Reached skill level 5 in Poison Magic
  2122 | D:3      | Reached XP level 5. HP: 18/31 MP: 3/8
  2520 | D:3      | Noticed a phantom
  2529 | D:3      | Killed a phantom
  2564 | D:4      | Noticed a black bear
  2588 | D:4      | Killed a black bear
  2589 | D:4      | Reached XP level 6. HP: 29/36 MP: 0/9
  2765 | D:4      | Identified the +0 robe of Youthful Indiscretion {Rampage
                  | rCorr Int+8 Slay-2}
  2976 | D:4      | Found a staircase to the Ecumenical Temple.
  2993 | Temple   | Entered the Ecumenical Temple
  3001 | Temple   | Became a worshipper of Gozag Ym Sagoz the Greedy
  3014 | D:4      | Noticed a black bear
  3184 | D:2      | Reached XP level 7. HP: 42/42 MP: 6/10
  3529 | D:4      | Reached skill level 1 in Fighting
  3529 | D:4      | Reached skill level 1 in Axes
  3773 | D:4      | Noticed Eustachio
  3918 | D:4      | Killed Eustachio
  3919 | D:4      | Reached XP level 8. HP: 52/52 MP: 1/11
  4152 | D:5      | Entered Level 5 of the Dungeon
  4470 | D:5      | Learned a level 3 spell: Ignite Poison
  4562 | D:5      | Reached skill level 1 in Fire Magic
  4562 | D:5      | Reached skill level 1 in Air Magic
  5093 | D:5      | Noticed Duvessa
  5093 | D:5      | Noticed Dowan
  5116 | D:5      | Killed Duvessa
  5117 | D:5      | Reached XP level 9. HP: 38/58 MP: 1/12
  5121 | D:5      | Killed Dowan
  5333 | D:6      | Found Yhosma's Antique Armour Shoppe.
  5981 | D:7      | Learned a level 3 spell: Mephitic Cloud
  6073 | D:6      | Reached skill level 3 in Spellcasting
  6172 | D:6      | Reached skill level 4 in Spellcasting
  6526 | D:7      | Reached skill level 1 in Conjurations
  6887 | D:7      | Found Zeotezod's General Store.
  6887 | D:7      | Found Liullib's Specific Store.
  6900 | D:7      | Bought a scroll of identify for 30 gold pieces
  7152 | D:7      | Reached skill level 5 in Dodging
  7637 | D:8      | Reached skill level 5 in Axes
  7637 | D:8      | Reached XP level 10. HP: 65/65 MP: 2/16
  7736 | D:8      | Reached skill level 5 in Fighting
  8735 | D:8      | Noticed Grum
  8740 | D:8      | Killed Grum
  9021 | D:8      | Found a sparkling altar of Nemelex Xobeh.
  9021 | D:8      | Found a transporter.
  9022 | D:8      | Noticed a centaur warrior
  9324 | D:9      | Found a staircase to the Orcish Mines.
  9380 | D:9      | Reached XP level 11. HP: 75/75 MP: 9/17
  9541 | D:6      | Bought the ring "Pibralue" {+Blink rC+ Will+ EV+4} for 876
                  | gold pieces
  9973 | D:9      | Noticed Prince Ribbit
  9978 | D:9      | Killed Prince Ribbit
 10384 | D:10     | Entered Level 10 of the Dungeon
 10437 | D:9      | Learned a level 5 spell: Freezing Cloud
 10891 | D:10     | Reached skill level 1 in Ice Magic
 10954 | D:10     | Noticed a two-headed ogre
 10962 | D:10     | Killed a two-headed ogre
 10969 | D:10     | Reached skill level 5 in Spellcasting
 11125 | D:10     | Noticed an orc sorcerer
 11130 | D:10     | Killed an orc sorcerer
 11724 | D:10     | Noticed a two-headed ogre
 11731 | D:10     | Killed a two-headed ogre
 11977 | D:10     | Noticed a cyclops
 11994 | D:10     | Killed a cyclops
 12260 | D:10     | Reached skill level 5 in Air Magic
 12587 | D:10     | Reached skill level 6 in Spellcasting
 12666 | D:10     | Reached skill level 5 in Conjurations
 12856 | D:10     | Reached skill level 1 in Shields
 12856 | D:10     | Reached XP level 12. HP: 61/81 MP: 10/21
 12998 | D:10     | Identified the +6 falchion "Ucerej" {vamp, rPois Will-
                  | Str+8}
 13547 | D:10     | Found a portal to a secret trove of treasure.
 13557 | D:10     | Found a radiant altar of Vehumet.
 13586 | D:10     | Found a blossoming altar of Fedhas.
 14028 | Orc:1    | Entered Level 1 of the Orcish Mines
 14544 | Orc:2    | Entered Level 2 of the Orcish Mines
 14556 | Orc:2    | Reached skill level 5 in Ice Magic
 15011 | Orc:2    | Paralysed by an orc sorcerer for 2 turns
 15202 | Orc:2    | Found Erhite's Distillery.
 15210 | Orc:2    | Bought a potion of heal wounds for 80 gold pieces
 15212 | Orc:2    | Found a staircase to the Elven Halls.
 15971 | Orc:2    | Found Alyil's Jewellery Shoppe.
 15971 | Orc:2    | Found Istaq's Armour Shoppe.
 15971 | Orc:2    | Found Niz Ezog's Distillery.
 15985 | Orc:2    | Noticed an orc high priest
 15988 | Orc:2    | Killed an orc high priest
 16045 | Orc:2    | Found Fosmul's Armour Emporium.
 17120 | Orc:1    | Noticed a two-headed ogre
 17123 | Orc:1    | Noticed Gastronok
 17124 | Orc:1    | Killed a two-headed ogre
 17196 | Orc:1    | Killed Gastronok
 17659 | Orc:1    | Reached skill level 5 in Shields
 17824 | D:6      | Bought the ring of Cingoem {rF++ Int+6} for 847 gold pieces
 17824 | D:6      | Bought a +4 ring of protection for 504 gold pieces
 17824 | D:6      | Bought the ring of Shadows {Umbra +Inv Stlth+} for 560 gold
                  | pieces
 17824 | D:6      | Found the ring of Shadows {Umbra +Inv Stlth+}
 18031 | D:6      | Learned a level 3 spell: Stone Arrow
 18268 | D:11     | Reached skill level 1 in Earth Magic
 18268 | D:11     | Reached XP level 13. HP: 86/86 MP: 14/22
 18388 | D:11     | Noticed Harold
 18829 | D:11     | Found a staircase to the Lair.
 19099 | D:11     | Killed Harold
 19581 | D:12     | Found a frozen archway.
 19589 | IceCv    | Entered an ice cave
 20706 | IceCv    | Identified the amulet of Elufule {Reflect Dex+5 SH+5}
 21405 | D:12     | Noticed Psyche
 21407 | D:12     | Killed Psyche
 22080 | Lair:1   | Entered Level 1 of the Lair of Beasts
 22772 | Lair:1   | Reached skill level 7 in Spellcasting
 23343 | Lair:2   | Found a staircase to the Shoals.
 23608 | Lair:2   | Found a gate leading to a gauntlet.
 23615 | Gauntlet | Entered a Gauntlet
 23615 | Gauntlet | Found a transporter.
 23615 | Gauntlet | Found a transporter.
 23619 | Gauntlet | Found a transporter.
 23621 | Gauntlet | Found a large runed translucent door.
 23622 | Gauntlet | Found a large runed translucent door.
 23623 | Gauntlet | Found a large runed translucent door.
 23623 | Gauntlet | Found a large runed translucent door.
 23623 | Gauntlet | Found a runed translucent door.
 23624 | Gauntlet | Found a large runed translucent door.
 23630 | Gauntlet | Found a large runed translucent door.
 23631 | Gauntlet | Found a large runed translucent door.
 23632 | Gauntlet | Found a large runed translucent door.
 23633 | Gauntlet | Found a runed translucent gate.
 23634 | Gauntlet | Found a transporter.
 23634 | Gauntlet | Found a runed translucent gate.
 23635 | Gauntlet | Found a transporter.
 23635 | Gauntlet | Found a runed translucent door.
 23635 | Gauntlet | Found a runed translucent gate.
 23636 | Gauntlet | Found a transporter.
 23643 | Gauntlet | Noticed a blizzard demon
 23645 | Gauntlet | Found a large runed translucent door.
 23645 | Gauntlet | Found a large runed translucent door.
 23646 | Gauntlet | Found a transporter.
 23646 | Gauntlet | Found a transporter.
 23646 | Gauntlet | Found a large runed translucent door.
 23647 | Gauntlet | Found a large runed translucent door.
 23649 | Gauntlet | Found a transporter.
 23694 | Gauntlet | Found a large runed translucent door.
 23694 | Gauntlet | Found a large runed translucent door.
 23706 | Gauntlet | Found a transporter.
 23859 | Gauntlet | Found a transporter.
 23863 | Gauntlet | Found a large runed translucent door.
 23863 | Gauntlet | Found a large runed translucent door.
 24014 | Gauntlet | Found a transporter.
 24040 | Gauntlet | Reached skill level 8 in Spellcasting
 24041 | Gauntlet | Reached XP level 14. HP: 54/92 MP: 19/26
 24260 | Gauntlet | Identified the +6 plate armour "Baothrici" {-Cast Rampage
                  | Will+ Str+6}
 25185 | Lair:2   | Reached skill level 9 in Spellcasting
 25820 | D:11     | Bought a book of Sloth for 720 gold pieces
 25826 | Lair:1   | Learned a level 2 spell: Sublimation of Blood
 25983 | Lair:3   | Reached skill level 1 in Necromancy
 25985 | Lair:3   | Reached skill level 10 in Shields
 26166 | Lair:3   | Found a staircase to the Snake Pit.
 27526 | Lair:4   | Reached skill level 5 in Transmutations
 27730 | Lair:4   | Reached skill level 5 in Earth Magic
 27830 | Lair:4   | Found a viscous altar of Jiyva.
 27831 | Lair:4   | Found a staircase to the Slime Pits.
 28408 | Lair:5   | Entered Level 5 of the Lair of Beasts
 28860 | Lair:5   | Reached XP level 15. HP: 97/97 MP: 20/28
 29305 | Lair:5   | Identified a scroll of acquirement
 29321 | Lair:5   | Acquired 1216 gold pieces
 29859 | Lair:5   | Reached skill level 5 in Necromancy
 30564 | D:11     | Bought a book of Decay for 680 gold pieces
 30566 | D:11     | Bought a warped war axe for 263 gold pieces
 30566 | D:11     | Identified the +6 war axe "Batto" {vorpal, rCorr MP+9 Str-2
                  | Int+2} (You bought it in a shop on level 11 of the Dungeon)
 30603 | Shoals:1 | Entered Level 1 of the Shoals
 31106 | Shoals:1 | Reached skill level 10 in Dodging
 31169 | Shoals:1 | Learned a level 5 spell: Irradiate
 31355 | Shoals:1 | Identified the +1 ring mail "Yguant" {rCorr}
 32176 | Shoals:2 | Reached XP level 16. HP: 89/103 MP: 26/29
 32274 | Shoals:2 | Learned a level 6 spell: Statue Form
 32283 | Shoals:2 | You fall into a shaft and drop 1 floor!
 34208 | Shoals:3 | Noticed Nikola
 34219 | Shoals:3 | Killed Nikola
 34403 | Shoals:3 | Noticed Bai Suzhen
 34428 | Shoals:4 | Entered Level 4 of the Shoals
 34808 | Shoals:4 | Noticed Ilsuiw
 35052 | Shoals:4 | Killed Ilsuiw
 35261 | Shoals:4 | Reached skill level 10 in Transmutations
 35327 | Shoals:4 | Reached XP level 17. HP: 65/108 MP: 13/30
 35534 | Shoals:4 | Identified the +4 short sword of Fedhas, Smoking {flame,
                  | rPois}
 35712 | Shoals:4 | Got a barnacled rune of Zot
 35917 | Shoals:4 | Reached skill level 10 in Necromancy
 35986 | Shoals:4 | Identified the +1 chain mail of Qazlal's Grace {rC+ Str+4
                  | Stlth+}
 36082 | Shoals:4 | Identified the ring "Ittai" {rPois rC- Int+6 SInv Stlth-}
 36563 | D:11     | Bought the ring of Aleocw {Wiz rF+ rC+ Will+ Dex+4} for
                  | 1365 gold pieces
 36687 | Snake:1  | Entered Level 1 of the Snake Pit
 36810 | Snake:1  | Acquired 595 gold pieces
 36881 | Snake:1  | Acquired 1003 gold pieces
 37068 | Snake:2  | Reached skill level 10 in Spellcasting
 37655 | Snake:2  | Found a runed translucent door.
 37655 | Snake:2  | Noticed Zioptaf's ghost (adept DjCA)
 37963 | Snake:3  | Found an ancient bone altar of Kikubaaqudgha.
 38159 | Snake:3  | Reached skill level 10 in Conjurations
 38274 | Snake:3  | Found Pajenut's Magic Scroll Boutique.
 38274 | Snake:3  | Found Pafostruo's Armour Shop.
 38297 | Snake:3  | Found Ume Zeo's Jewellery Shop.
 38299 | Snake:3  | Found Cocad's Magic Scroll Boutique.
 38303 | Snake:3  | Bought the ring of Duelui {Wiz rElec} for 792 gold pieces
 38312 | Snake:3  | Bought a scroll of magic mapping for 90 gold pieces
 38318 | Snake:3  | Bought a scroll of magic mapping for 82 gold pieces
 39614 | Snake:4  | Entered Level 4 of the Snake Pit
 39739 | Snake:4  | Reached skill level 11 in Spellcasting
 39885 | Snake:4  | Reached XP level 18. HP: 104/114 MP: 28/33
 40506 | Snake:4  | Noticed Saint Roka
 40701 | Snake:4  | Killed Saint Roka
 41779 | Snake:4  | Learned a level 7 spell: Orb of Destruction
 42681 | Snake:4  | Reached skill level 12 in Spellcasting
 42933 | Snake:4  | Got a serpentine rune of Zot
 43479 | Orc:2    | Bought 2 potions of heal wounds for 130 gold pieces
 43479 | Orc:2    | Bought a potion of curing for 39 gold pieces
 43692 | D:12     | Bought a manual of Summonings for 1360 gold pieces
 43826 | D:13     | Found a broken altar of Ashenzari.
 43923 | D:13     | Reached skill level 1 in Summonings
 44177 | D:13     | Found a gate to the Vaults.
 44263 | D:13     | Got Ruriwn's Anthology of Petrous Kindling
 45926 | D:15     | Entered Level 15 of the Dungeon
 45994 | D:15     | Reached XP level 19. HP: 119/119 MP: 35/35
 46193 | D:15     | Found a staircase to the Depths.
 46534 | D:15     | Reached skill level 5 in Summonings
 47030 | D:15     | Noticed Rupert
 47037 | D:15     | Gained mutation: Your magical capacity is low. (-10% MP)
                  | [mutagenic glow]
 47040 | D:15     | Killed Rupert
 47571 | Elf:1    | Entered Level 1 of the Elven Halls
 47901 | D:11     | Bought a manual of Short Blades for 1600 gold pieces
 48226 | Elf:1    | Reached skill level 1 in Short Blades
 48351 | Elf:1    | Found Anamoedd's Weapon Shoppe.
 48576 | Elf:1    | Reached skill level 13 in Spellcasting
 48909 | Elf:1    | Paralysed by an air elemental for 1 turns
 48915 | Elf:1    | Noticed a Hell Sentinel
 49098 | Elf:1    | Found a runed translucent gate.
 49098 | Elf:1    | Found a runed translucent gate.
 49098 | Elf:1    | Found a runed translucent gate.
 49098 | Elf:1    | Found a runed translucent gate.
 49098 | Elf:1    | Found a runed translucent gate.
 49099 | Elf:1    | Found a runed translucent gate.
 49131 | Elf:1    | Identified the +1 scale mail of the Ant {Str+2 Int+4}
 49202 | Elf:2    | Reached skill level 5 in Short Blades
 49666 | Elf:2    | Found a runed translucent gate.
 49667 | Elf:2    | Found a runed translucent gate.
 49667 | Elf:2    | Found a runed translucent gate.
 49689 | Elf:2    | Found an ancient bone altar of Kikubaaqudgha.
 50002 | Elf:3    | Entered Level 3 of the Elven Halls
 50242 | D:10     | You paid a toll of 17 potions of curing to enter a treasure
                  | trove
 50243 | Trove    | Entered a treasure trove
 50264 | Trove    | Got Sif Muna's Discourse on the Union
 50272 | Trove    | Got Sif Muna's Almanac of Accomplices and Ignition
 50282 | Trove    | Got the Compendium of the Frore Geologist
 50288 | Trove    | Got Sif Muna's Volume of Transmuted Toxicity
 50305 | Trove    | Got Sinet's Disquisition on Conflagrant Metamorphosis
 50360 | D:10     | Learned a level 7 spell: Spellforged Servitor
 50585 | Elf:3    | Found Qaqe's Tremendous Tomes.
 50688 | Elf:3    | Reached skill level 10 in Summonings
 51106 | Elf:3    | Reached XP level 20. HP: 125/125 MP: 24/34
 51271 | Elf:3    | Identified the ring "Gunweres" {Fire Dex+4}
 51309 | Elf:3    | Reached skill level 14 in Spellcasting
 51833 | Elf:3    | Identified the +11 hand axe of Fetiafi {flame, rF+ rC+}
 52079 | Elf:3    | Reached skill level 10 in Short Blades
 52503 | Elf:3    | Got Niustraq's Discursus on Scorched Exhumation
 52874 | Vaults:1 | Entered Level 1 of the Vaults
 53903 | Vaults:1 | Reached skill level 15 in Spellcasting
 53912 | Vaults:1 | Learned a level 7 spell: Malign Gateway
 54065 | Vaults:1 | Reached skill level 1 in Translocations
 55375 | Vaults:2 | Reached skill level 5 in Translocations
 55375 | Vaults:2 | Reached XP level 21. HP: 130/130 MP: 24/36
 56068 | Vaults:2 | Found a staircase to the Crypt.
 56068 | Vaults:2 | Found an ancient bone altar of Kikubaaqudgha.
 56068 | Vaults:2 | Found a basalt altar of Yredelemnul.
 56263 | Vaults:2 | Noticed Xtahua
 56293 | Vaults:2 | Killed Xtahua
 56772 | Vaults:2 | Noticed Margery
 56800 | Vaults:2 | Killed Margery
 57329 | Vaults:2 | Noticed Sojobo
 57469 | Vaults:2 | Killed Sojobo
 57470 | Vaults:2 | Reached skill level 10 in Translocations
 59112 | Vaults:3 | Identified the +4 halberd of Hacking and Slashing {vamp,
                  | rC+ Int+3}
 59290 | Vaults:3 | Found a transporter.
 59291 | Vaults:3 | Found the +3 hat of Pondering {ponderous, Will+ MP+10
                  | Int+5}
 59343 | Vaults:3 | Found a transporter.
 59668 | Vaults:3 | Noticed Mara
 59674 | Vaults:3 | Noticed Atlar's illusion
 59680 | Vaults:3 | Noticed Atlar's illusion
 59680 | Vaults:3 | Killed Mara
 59681 | Vaults:3 | Reached skill level 16 in Spellcasting
 60551 | Vaults:4 | Reached XP level 22. HP: 135/135 MP: 30/38
 60613 | Vaults:4 | Reached skill level 17 in Spellcasting
 62378 | Vaults:4 | Reached skill level 18 in Spellcasting
 62607 | Vaults:4 | Learned a level 8 spell: Infestation
 62924 | Vaults:5 | Entered Level 5 of the Vaults
 62931 | Vaults:5 | Noticed a golden dragon
 62935 | Vaults:5 | Killed a golden dragon
 62979 | Vaults:5 | Reached skill level 15 in Necromancy
 63429 | Vaults:5 | Found Beast's General Store.
 63431 | Vaults:5 | Identified the +1 scimitar "Ygef" {elec, Will+}
 63511 | Vaults:5 | Noticed a golden dragon
 63516 | Vaults:5 | Killed a golden dragon
 64213 | Vaults:5 | Identified the +7 chain mail of the Little Devil {rF+}
 64662 | Vaults:5 | Got a silver rune of Zot
 64664 | Vaults:5 | Identified the +8 plate armour of Ifuesaw {rPois}
 65096 | Depths:1 | Entered Level 1 of the Depths
 65104 | D:15     | Bought Great Wizards, Vol. II for 836 gold pieces
 65112 | D:15     | Learned a level 5 spell: Borgnjor's Vile Clutch
 65123 | Depths:1 | Reached XP level 23. HP: 143/143 MP: 29/40
 65588 | Depths:1 | Learned a level 6 spell: Eringya's Noxious Bog
 65809 | Depths:1 | Found a gateway to Hell.
 66175 | Depths:1 | Found Dieghiviy's General Store.
 66182 | Depths:1 | Bought a scroll of blinking for 120 gold pieces
 66443 | D:11     | Bought the ring "Qifeoras" {rC+ rN+ Int+2 Stlth-} for 819
                  | gold pieces
 66520 | D:7      | Bought the ring "Ytheurra" {Contam rN+ Str+3 Int+3} for 510
                  | gold pieces
 66712 | Depths:1 | Found Nief's Armour Boutique.
 66840 | Depths:2 | Found Qulumuit's Armour Shoppe.
 67212 | Depths:2 | Found a blossoming altar of Fedhas.
 67739 | Depths:2 | Reached skill level 10 in Stealth
 67931 | Depths:2 | Identified the +8 scale mail of the Land of Plenty {rElec
                  | Str-2 Int+3 SInv}
 68237 | Depths:2 | Found a one-way gate leading to the halls of Pandemonium.
 68452 | Depths:2 | Found a one-way gate to the infinite horrors of the Abyss.
 68803 | Depths:3 | Found a one-way gateway to a ziggurat.
 69155 | Depths:3 | Found a hide-covered altar of Uskayaw.
 69372 | Depths:3 | Found a white marble altar of Elyvilon.
 69899 | Depths:3 | Found the +4 robe of Folly {Brilliance Will-∞ Int+8}
 70044 | Depths:3 | Noticed a golden dragon
 70052 | Depths:3 | Killed a golden dragon
 70197 | Depths:4 | Entered Level 4 of the Depths
 70315 | Depths:4 | Reached XP level 24. HP: 152/152 MP: 34/40
 70426 | Depths:4 | Found Hirusuil's Book Shoppe.
 70675 | Depths:4 | Found a gate to the Realm of Zot.
 70713 | Depths:4 | Found Seem's Jewellery Boutique.
 70731 | Depths:4 | Found Akleg's Book Shoppe.
 71669 | Depths:4 | Identified the +8 shortbow of Exoneration {flame, Will++
                  | rCorr Int+2 Stlth-}
 72460 | Depths:4 | Found a glowing golden altar of the Shining One.
 72548 | Zot:1    | Entered Level 1 of the Realm of Zot
 72550 | Zot:1    | Reached skill level 15 in Short Blades
 72787 | Zot:1    | Found a transporter.
 73278 | Zot:1    | Found a transporter.
 73340 | Zot:1    | Noticed a dread lich
 73340 | Zot:1    | Noticed a curse toe
 73341 | Zot:1    | Noticed a curse toe
 73354 | Zot:1    | Noticed a curse toe
 73367 | Zot:1    | Killed a curse toe
 74155 | Zot:1    | Learned a level 8 spell: Lehudib's Crystal Spear
 74665 | Zot:5    | Entered Level 5 of the Realm of Zot
 74735 | Zot:5    | Reached skill level 19 in Spellcasting
 75336 | Zot:5    | Reached skill level 10 in Fighting
 75643 | Zot:5    | Identified the +11 flail of Victory {holy, Str+7 Dex+2
                  | SInv}
 75748 | Zot:5    | Noticed an ancient lich
 75752 | Zot:5    | Killed an ancient lich
 75760 | Zot:5    | Reached XP level 25. HP: 162/162 MP: 30/41
 75928 | Zot:5    | Noticed an ancient lich
 75959 | Zot:5    | Noticed an orb of fire
 75960 | Zot:5    | Noticed an orb of fire
 75983 | Zot:5    | Killed an ancient lich
 75992 | Zot:5    | Killed a Killer Klown
 76003 | Zot:5    | Killed an orb of fire
 76077 | Zot:5    | Killed an orb of fire
 76095 | Zot:5    | Killed an orb of fire
 76124 | Zot:5    | Killed an orb of fire
 76311 | Zot:5    | Noticed an orb of fire
 76317 | Zot:5    | Killed an orb of fire
 76730 | Zot:5    | Noticed a Killer Klown
 76737 | Zot:5    | Killed a Killer Klown
 76918 | Zot:5    | Noticed a dread lich
 76931 | Zot:5    | Killed a dread lich
 76932 | Zot:5    | Noticed a Killer Klown
 76935 | Zot:5    | Killed a Killer Klown
 77071 | Zot:5    | Got the Orb of Zot
 77502 | D:5      | Noticed Cotwomeo the pandemonium lord
 77512 | D:5      | Banished Cotwomeo the pandemonium lord
 77627 | D:$      | Escaped with the Orb!

Illustrated notes

Levels and vault maps discovered:
D:1:      lemuel_arrival_room, layout_loops_ring,
          shapermc_ecumenical_altar_ellora, amcnicky_mini_pool_small
D:2:      layout_loops_cross, uniq_terence
D:3:      layout_basic, minmay_distorted
D:4:      layout_basic, minmay_temple_entry_gardened_gates, uniq_eustachio
D:5:      dreamdust_elfheim, layout_loops_ring
D:6:      layout_basic, serial_shops, nicolae_shop_overgrown_old_shop,
          kennysheep_nondescript
D:7:      layout_gridville, nicolae_specific_store, minmay_strange_pillars,
          dk_vineyard_3, minmay_holes, minivault_10, uniq_duvessa
D:8:      layout_loops_ring, grunt_nemelex_the_gamble, minmay_lizard_king,
          uniq_grum
D:9:      layout_loops_ring, orc_0_dummy, uniq_prince_ribbit1
D:10:     lemuel_castle_with_subvaults [lemuel_castle_interior_carwin_1],
          layout_stronghold, mainiacjoe_overflow_catwalk_spiral, enter_trove_0
D:11:     layout_long_grid, grunt_lair_entry_orc_guard_hut, uniq_harold
D:12:     layout_basic, portal_ice_cave_entry_pillars_2,
          amcnicky_mini_rare_corridor_liquid, uniq_psyche
D:13:     layout_loops_ring, david_vaults_4, evilmike_ruin_ashenzari
D:14:     layout_basic, fountainhead, minmay_lindwurm_lava
D:15:     gammafunk_enter_depths_forms, layout_loops_ring,
          minmay_misc_feat_five, uniq_rupert
Temple:   compressed_dpeg_triangle_lava_temple
Lair:1:   layout_gridlike
Lair:2:   layout_loops_ring, elwin_shoals_entry_stream, gauntlet_entry_generic,
          ice2_lemuel
Lair:3:   layout_loops_ring, minmay_snake_entry_six_corridors,
          lemuel_fruit_fields
Lair:4:   layout_cave_pods, nicolae_slime_entry_slimehenge, st_stairs_8,
          grunt_megastairs_1, lemuel_fruit_tree
Lair:5:   guppyfry_lair_end_dragon, layout_loops_ring, hangedman_lair_in_review
Shoals:1: layout_shoals, nicolae_shoals_water_booths
Shoals:2: layout_shoals
Shoals:3: layout_shoals, serial_shops, bzr_entry_road, uniq_nikola,
          uniq_bai_suzhen
Shoals:4: shoals_end_grunt_ice, layout_shoals, shoals_ilsuiw_ice, uniq_aizul
Snake:1:  layout_honeycomb, nicolae_snake_linked_coils, uniq_roxanne
Snake:2:  layout_grid_shapes, gammafunk_ghost_grave
Snake:3:  layout_onion_interference, basic_altar, minmay_shoptagon
Snake:4:  grunt_snake_rune_pools, layout_cave_town,
          nicolae_snake_ghostly_warrior_ritual, uniq_saint_roka
Orc:1:    layout_diamond_mine, uniq_gastronok
Orc:2:    st_orc_mages, layout_caves, special_room, serial_shops, shop,
          mines2_david
Elf:1:    minmay_elf_arrival_plus, layout_geoelf_grid, serial_shops, shop,
          orc_legates
Elf:2:    nicolae_elf_blades_crystal_corner, layout_rooms, basic_altar
Elf:3:    minmay_elf_hall_curves, layout_geoelf_grid,
          nicolae_shop_i_like_big_books
Vaults:1: v_misc_10, vaults_room_corners, st_check, vaults_room_pools,
          hangedman_vaults_pinch, v_misc_5, nicolae_vaults_little_ls,
          vaults_room_door_hall, nicolae_vaults_specimen_jars,
          nicolae_vaults_three_branches, vaults_dpeg_emergency_exit,
          layout_vaults_chaotic_city
Vaults:2: minmay_crypt_entry_necro_gods, grunt_vaults_hallway_short, v_misc_11,
          ontoclasm_vaults_ligature, grunt_vaults_twisty, v_rooms_2, v_misc_27,
          vaults_mumra_minichess, vaults_room_door_ring,
          grunt_vaults_hallway_short, ontoclasm_vaults_shuriken,
          layout_vaults_omnigrid, uniq_xtahua, uniq_sojobo, uniq_margery
Vaults:3: v_alt_pattern_1, vaults_dpeg_doors, ontoclasm_vaults_bender,
          v_misc_23, hangedman_vaults_trim, gammafunk_the_bubble
          [the_bubble_gammafunk_split], nicolae_vaults_stairing_the_circle,
          v_pattern_3, hangedman_vaults_stitches, nicolae_vaults_rhombus_5,
          v_misc_4, v_misc_23, ontoclasm_vaults_pinch, vaults_dpeg_ring,
          nicolae_vaults_little_squares_1, layout_vaults_maze, uniq_mara
Vaults:4: vaults_room_glass_cross, v_misc_22, vaults_dpeg_diagonal,
          nicolae_vaults_hallways_thing, dpeg_vaults_monster_box, v_rooms_6,
          ontoclasm_vaults_hangar, hangedman_vaults_hat, v_misc_28,
          ontoclasm_vaults_gateway, vaults_room_semicircle, grunt_vaults_funnel,
          vaults_room_pool, layout_vaults_omnicross
Vaults:5: serial_shops
Depths:1: layout_basic, serial_shops, nicolae_shop_waterfront, hell_entry,
          minmay_misc_feat_more_columns, drop_trap, beargit_elvish_explorers,
          minmay_shop_star
Depths:2: minmay_three_patterns, layout_gridlike, grunt_pan_entry_zigzag,
          abyss_entry_small_statue_room, serial_shops, nicolae_stop_n_shop_1,
          fedhas_altar_3, hell_entry
Depths:3: gold_lair_mu, layout_basic, enter_ziggurat_f, abyss_entry,
          nicolae_uskayaw_dance_hall, grunt_hell_entry_dis_grunt,
          elyvilon_altar_1
Depths:4: grunt_twist_and_shout, layout_gridlike, hell_entry, abyss_entry,
          infiniplex_enter_wizlab_glasses, nicolae_tso_swordbearing_angel,
          grunt_ministairs_4, minmay_fire_ice_demons, minmay_shop_grove
Zot:1:    gammafunk_dig_for_victory, layout_gridlike, grunt_ministairs_12
Zot:2:    layout_gridlike
Zot:3:    layout_cathedral_of_symmetry
Zot:4:    layout_onion_interference
Zot:5:    layout_twisted_circle, st_stairs_5

Skill      XL: |  1  2  3  4  5  6  7  8  9 10 11 12 13 14 15 16 17 18 19 20 21 22 23 24 25 |
---------------+----------------------------------------------------------------------------+-----
Stealth        | 3 4 5 11 | 11.6
Poison Magic   | 4 5 7 8 9 |  9.0
Fighting       | 3 4 7 8 9 10 14 | 14.4
Axes           | 3 5 7 8 |  8.4
Dodging        | 3 4 5 7 9 10 11 12 13 | 13.3
Fire Magic     | 2 3 |  3.2
Air Magic      | 2 3 5 7 |  7.7
Transmutations | 2 3 5 8 10 | 10.0
Spellcasting   | 4 6 8 9 11 12 13 15 16 18 19 | 19.0
Conjurations   | 2 5 7 8 10 12 | 12.9
Ice Magic      | 4 6 7 |  7.0
Shields        | 1 5 8 10 12 | 12.8
Earth Magic    | 1 3 5 7 9 |  9.9
Necromancy     | 4 7 9 11 13 16 | 16.0
Summonings     | 4 10 12 | 12.1
Short Blades   | 8 13 14 16 | 16.0
Translocations | 5 10 | 10.3

Action                   |  1- 3 |  4- 6 |  7- 9 | 10-12 | 13-15 | 16-18 | 19-21 | 22-24 | 25-27 || total
-------------------------+-------+-------+-------+-------+-------+-------+-------+-------+-------++-------
Melee: Constrict         |     5 |    10 |    16 |    18 |    66 |    41 |    23 |    38 |     2 ||   219
       Short sword       |     1 |       |       |       |       |       |       |       |       ||     1
       Dagger            |    11 |       |       |       |       |       |       |       |       ||    11
       Staff             |    13 |     1 |       |    69 |    67 |       |       |       |       ||   150
       Tentacles         |     5 |    11 |    26 |    26 |   129 |    63 |    65 |   137 |    14 ||   476
       Punch             |     2 |     3 |     3 |     3 |     6 |     5 |     6 |     9 |       ||    37
       Hand axe          |     5 |    47 |   110 |    14 |   289 |       |       |       |       ||   465
       War axe           |       |       |       |       |    31 |   176 |   142 |    36 |       ||   385
       Rapier            |       |       |       |       |       |       |    17 |   313 |    31 ||   361
 Cast: Sting             |     4 |       |       |       |       |       |       |       |       ||     4
       Poisonous Vapours |    15 |    14 |    23 |   114 |    90 |   108 |   176 |    39 |     2 ||   581
       Olgreb's Toxic Ra |       |     6 |    35 |    47 |    31 |    22 |    33 |     3 |       ||   177
       Ignite Poison     |       |       |    16 |   133 |   130 |    94 |   121 |    35 |     3 ||   532
       Mephitic Cloud    |       |       |     9 |    33 |    37 |     9 |       |       |       ||    88
       Stone Arrow       |       |       |       |     4 |    50 |    75 |    27 |       |       ||   156
       Freezing Cloud    |       |       |       |       |    34 |   154 |    29 |    13 |       ||   230
       Irradiate         |       |       |       |       |     5 |    27 |    28 |       |       ||    60
       Sublimation of Bl |       |       |       |       |     2 |     5 |       |       |       ||     7
       Statue Form       |       |       |       |       |       |    12 |    18 |    32 |     9 ||    71
       Orb of Destructio |       |       |       |       |       |     2 |     2 |    16 |       ||    20
       Spellforged Servi |       |       |       |       |       |       |    48 |    78 |    20 ||   146
       Malign Gateway    |       |       |       |       |       |       |    14 |    38 |    10 ||    62
       Infestation       |       |       |       |       |       |       |       |    15 |       ||    15
       Borgnjor's Vile C |       |       |       |       |       |       |       |    38 |    12 ||    50
       Eringya's Noxious |       |       |       |       |       |       |       |    10 |       ||    10
Invok: Call Merchant     |       |       |     1 |       |     2 |     2 |       |     2 |       ||     7
       Bribe Branch      |       |       |       |       |       |       |       |     2 |       ||     2
Evoke: Wand              |       |       |     4 |     1 |     9 |     2 |     1 |     2 |     2 ||    21
       Phantom mirror    |       |       |       |       |       |     1 |       |       |       ||     1
  Use: Scroll            |     1 |       |    11 |     6 |    11 |    10 |    11 |    15 |     2 ||    67
       Potion            |       |     1 |     4 |     1 |     3 |     6 |     4 |    11 |     8 ||    38
 Stab: Sleeping          |     7 |     2 |     4 |     1 |    13 |     6 |       |     6 |       ||    39
       Distracted        |       |       |       |       |     3 |     1 |     5 |    12 |     4 ||    25
       Confused          |       |       |       |       |       |     1 |       |       |       ||     1
Armor: Skin              |     2 |     3 |     5 |       |    39 |    33 |    38 |    88 |     7 ||   215
Dodge: Dodged            |    18 |    23 |    61 |    83 |   280 |   218 |   168 |   342 |    23 ||  1216
Block: Buckler           |       |       |       |    13 |    12 |       |       |       |       ||    25
       Kite shield       |       |       |       |       |   411 |   392 |   292 |   458 |    33 ||  1586
       Reflection        |       |       |       |       |    10 |   100 |    66 |    23 |       ||   199
